 Dungeon Crawl Stone Soup version 0.27-a0-1140-g099f9bb0e8 (webtiles) character file.

Game seed: 8640420084722498204

146 HoaS the Bolt Thrower (level 5, -4/30 HPs)
             Began as a Kobold Hunter on May 9, 2021.
             Slain by an orc warrior
             ... wielding a +0 trident
              (10 damage)
             ... on level 4 of the Dungeon.
             The game lasted 00:07:08 (3993 turns).

HoaS the Bolt Thrower (Kobold Hunter)               Turns: 3993, Time: 00:07:09

Health: -4/30      AC: 10    Str: 10    XL:     5   Next: 53%
Magic:  5/5        EV: 13    Int: 13    God:
Gold:   85         SH:  0    Dex: 15    Spells: 4/4 levels left

rFire    . . .     SeeInvis .   b - +0 short sword
rCold    . . .     Faith    .   (shield restricted)
rNeg     . . .     Spirit   .   g - +0 ring mail
rPois    .         Reflect  .   (no helmet)
rElec    .         Harm     .   f - scarf {shadows}
rCorr    .         Rampage  .   (no gloves)
Will     .....                  c - +0 pair of boots
Stlth    ++........             (no amulet)
HPRegen  0.10/turn              k - +4 ring of protection
MPRegen  0.09/turn              (no ring)

@: no status effects
A: small, no large weapons, nightstalker 3
a: no special abilities


You were on level 4 of the Dungeon.
You visited 1 branch of the dungeon, and saw 4 of its levels.

You collected 85 gold pieces.

Inventory:

Hand Weapons
 a - a +1 hand crossbow
 b - a +0 short sword (weapon)
Missiles
 d - 20 bolts
Armour
 c - a +0 pair of boots (worn)
 f - a scarf of shadows (worn)
 g - a +0 ring mail (worn)
Jewellery
 k - a +4 ring of protection (left hand)
Scrolls
 l - a scroll of enchant weapon {unknown}
Potions
 e - a potion of invisibility {unknown}
 h - a potion of lignification
 j - 2 potions of curing


   Skills:
 - Level 2.1 Fighting
 + Level 4.3 Short Blades
 + Level 6.4 Crossbows
 - Level 2.4 Dodging
 - Level 1.3 Stealth


You had 4 spell levels left.
You didn't know any spells.
Your spell library was empty.

Dungeon Overview and Level Annotations

Branches:
Dungeon (4/15)
 Temple: D:4-7

Altars:


Innate Abilities, Weirdness & Mutations

You are small and have problems with some larger weapons.
You are completely attuned to the shadows.


Message History

The jackal is almost dead.
The jackal barely misses you.
You hit the jackal.
You kill the jackal!
No target in view!
You now have 85 gold pieces (gained 16).
Found an escape hatch in the floor.
A hobgoblin comes into view.
The hobgoblin shouts!
The hobgoblin hits you but does no damage.
You hit the hobgoblin.
The hobgoblin is heavily wounded.
The hobgoblin barely misses you.
You hit the hobgoblin.
You kill the hobgoblin!
An orc warrior comes into view. It is wielding a +0 trident.
Okay, then.
The orc warrior hits you with a +0 trident.
You hit the orc warrior.
The orc warrior is lightly wounded.
The orc warrior hits you with a +0 trident.
You hit the orc warrior but do no damage.
The orc warrior is lightly wounded.
The orc warrior hits you with a +0 trident.
You hit the orc warrior.
The orc warrior is moderately wounded.
The orc warrior hits you with a +0 trident!
* * * LOW HITPOINT WARNING * * *
You barely miss the orc warrior.
The orc warrior is moderately wounded.
The orc warrior misses you.
You barely miss the orc warrior.
The orc warrior is moderately wounded.
You hit the orc warrior but do no damage.
The orc warrior is moderately wounded.
The orc warrior hits you but does no damage.
You closely miss the orc warrior.
The orc warrior is moderately wounded.
The orc warrior hits you with a +0 trident!
You die...

#.# #.# #.#
#.# #.# #.#
###.####.##
..........#
###.#######
#.# #@#
###o###
......#
###..##
#.....#
#.....#
...#..#
.?.#..#
##.#..#


You could see an orc warrior.

Vanquished Creatures
  An orc priest (D:3)
  An orc wizard (D:3)
  A worm (D:2)
  5 dart slugs
  7 orcs (D:3)
  5 endoplasms
  2 giant cockroaches (D:1)
  5 goblins
  6 hobgoblins
  14 jackals
  3 quokkas
  5 ball pythons
  3 bats
  A frilled lizard (D:1)
  A kobold (D:2)
  6 rats
66 creatures vanquished.

Notes
Turn   | Place    | Note
-------+----------+-------------------------------------------
     0 | D:1      | HoaS the Kobold Hunter began the quest for the Orb.
     0 | D:1      | Reached XP level 1. HP: 12/12 MP: 1/1
   179 | D:1      | Reached skill level 1 in Short Blades
   179 | D:1      | Reached skill level 5 in Crossbows
   192 | D:1      | Reached XP level 2. HP: 6/17 MP: 2/2
   719 | D:1      | Reached XP level 3. HP: 17/21 MP: 3/3
  2095 | D:2      | Reached XP level 4. HP: 8/26 MP: 4/4
  2743 | D:3      | Reached skill level 6 in Crossbows
  2976 | D:3      | Reached XP level 5. HP: 26/30 MP: 5/5
  3979 | D:4      | Noticed an orc warrior
  3993 | D:4      | Slain by an orc warrior

Illustrated notes

Levels and vault maps discovered:
D:1:      evilmike_arrival_home_sweet_home, layout_basic
D:2:      layout_rooms
D:3:      layout_rooms, minivault_24
D:4:      layout_basic, uniq_blork_the_orc, uniq_crazy_yiuf_cottage

Skill      XL: |  1  2  3  4  5 |
---------------+----------------+-----
Short Blades   | 1 2 3 4 |  4.3
Crossbows      | 5 6 |  6.4
Fighting       | |  2.1
Dodging        | |  2.4
Stealth        | |  1.3

Action                   |  1- 3 |  4- 6 || total
-------------------------+-------+-------++-------
Melee: Short sword       |   138 |   131 ||   269
 Fire: Hand crossbow     |       |     1 ||     1
  Use: Scroll            |     2 |     3 ||     5
 Stab: Sleeping          |     8 |     5 ||    13
       Distracted        |     3 |       ||     3
Armor: Leather armour    |     5 |       ||     5
       Ring mail         |    37 |    43 ||    80
Dodge: Dodged            |    95 |    93 ||   188

Table legend: (Time is in decaauts)
 A = Elapsed time spent in this place.
 B = Non-inter-level travel time spent in this place.
 C = Inter-level travel time spent in this place.
 D = Time resting spent in this place.
 E = Time spent auto-exploring this place.
 F = Levels seen in this place.
 G = Mean time per level.
                   A        B        C        D        E       F      G
               +--------+--------+--------+--------+--------+-----+--------+
         Total |   3978 |   3888 |     90 |   1622 |   1738 |   4 |  994.5 |
       Dungeon |   3978 |   3888 |     90 |   1622 |   1738 |   4 |  994.5 |
               +--------+--------+--------+--------+--------+-----+--------+

Top non-repeatable levels by time:
     D:1: 1488 daAuts
     D:3: 1451 daAuts
     D:2: 882 daAuts
     D:4: 156 daAuts
